 Dungeon Crawl Stone Soup version 0.9-b1-44-g7df3c1b character file.

248 vogonpoet the Shield-Bearer (level 4, -3/36 HPs)
             Began as a Human Fighter on July 26, 2011.
             Killed by divine providence
             ... invoked by an orc priest
              (11 damage)
             ... on Level 4 of the Dungeon.
             The game lasted 00:08:16 (2780 turns).

vogonpoet the Shield-Bearer (Human Fighter)         Turns: 2780, Time: 00:08:17

HP  -3/36        AC 10     Str 17      XL: 4   Next: 97%
MP   3/3         EV  5     Int  8      God:
Gold 153         SH 18     Dex 12      Spells:  0 memorised,  3 levels left

Res.Fire  : . . .   See Invis. : .   q - +1 hammer (protect)
Res.Cold  : . . .   Warding    : . . I - +0 elf scale mail
Life Prot.: . . .   Conserve   : .   c - +0 shield
Res.Acid. : . . .   Res.Corr.  : .   (no helmet)
Res.Poison: .       Clarity    : .   (no cloak)
Res.Elec. : .       Spirit.Shd : .   (no gloves)
Sust.Abil.: . .     Stasis     : .   (no boots)
Res.Mut.  : .       Ctrl.Telep.: .   (no amulet)
Res.Rott. : .       Levitation : .   (no ring)
Saprovore : . . .   Ctrl.Flight: .   (no ring)

@: slightly resistant to hostile enchantments, extremely unstealthy
A: no striking features
a: no special abilities


You were on level 4 of the Dungeon.
You were not hungry.

You visited 1 branch of the dungeon, and saw 4 of its levels.

You collected 133 gold pieces.

Inventory:

Hand weapons
 a - a +0,+0 falchion
 h - a cursed -2,-3 sling
 i - a +1,+1 dwarven dagger
 o - a +1,+0 dwarven dagger
 p - a +0,+0 orcish dagger
 q - a +1,+1 hammer of protection (weapon)
Missiles
 m - a +0 dart (quivered)
Armour
 c - a +0 shield (worn)
 u - a +0 elven ring mail
 v - a +2 shield
 I - a +0 elven scale mail (worn)
Magical devices
 H - a wand of paralysis (11) {unknown}
Comestibles
 d - a bread ration
 w - a choko
 C - an apple
 D - 2 rotting chunks of hobgoblin flesh
 G - a chunk of giant cockroach flesh
Scrolls
 b - a scroll of fear {unknown}
 e - 2 scrolls of teleportation {unknown}
 f - a scroll of recharging {unknown}
 j - a scroll of amnesia {unknown}
 n - 4 scrolls of identify {unknown}
 r - a scroll of enchant armour {unknown}
 s - 2 scrolls of remove curse {unknown}
 t - 2 scrolls of detect curse {unknown}
 x - a scroll of enchant weapon I {unknown}
 y - a scroll of blinking {unknown}
 E - a scroll of fog {unknown}
 F - a scroll of curse armour {unknown}
Potions
 g - a potion of mutation {unknown}
 k - 2 potions of healing
 l - 2 potions of agility
 z - a potion of cure mutation {unknown}
 A - a potion of restore abilities {unknown}
 B - a potion of might {unknown}


   Skills:
 + Level 3 Fighting
 + Level 2 Long Blades
 + Level 1 Maces & Flails
 + Level 3 Armour
 + Level 1 Dodging
 + Level 3 Shields


You had 3 spell levels left.
You didn't know any spells.

Dungeon Overview and Level Annotations

Branches:
Dungeon (4/27)
 Temple: D:4-7

Altars:
Kikubaaqudgha


Message History

The orc hits you but does no damage. You block the orc priest's attack.
You block the ogre's attack.
You barely miss the orc priest. The orc barely misses you.
The orc priest hits you. The ogre hits you with a giant club.
You hit the orc priest.
The orc priest is moderately wounded.
You block the orc's attack. The orc hits you with an orcish mace.
The orc priest hits you. You block the orc priest's attack.
The ogre completely misses you.
You closely miss the orc priest. The orc hits you with an orcish mace.
* * * LOW HITPOINT WARNING * * *
The orc priest hits you but does no damage.
You block the ogre's attack.
You hit the orc priest.
The orc priest is moderately wounded.
The orc hits you with an orcish mace.
* * * LOW HITPOINT WARNING * * *
The orc priest invokes the aid of Beogh against you.
Something smites you!
You die...

#..
.........
.....$.....
.........
......(
..... .o.
########o#
........o@#
#......O.#
#........#
#....?...#
#........#
.........#
#........#
####.....#
#.....#


You could see an ogre, an orc priest and 2 orcs.

Vanquished Creatures
  4 snakes (D:2)
  A worm (D:2)
  2 giant geckos
  An ooze (D:2)
  3 giant cockroaches
  11 hobgoblins
  8 kobolds
  A small snake (D:2)
  5 bats
  7 goblins
  9 rats
52 creatures vanquished.

Notes
Turn   | Place    | Note
--------------------------------------------------------------
     0 | D:1      | vogonpoet, the Human Fighter, began the quest for the Orb.
     0 | D:1      | Reached XP level 1. HP: 18/18 MP: 0/0
   378 | D:1      | Reached XP level 2. HP: 20/24 MP: 1/1
   852 | D:1      | Reached XP level 3. HP: 26/30 MP: 2/2
  1220 | D:2      | Reached skill level 1 in Maces & Flails
  1484 | D:2      | Reached XP level 4. HP: 24/36 MP: 3/3
  1512 | D:2      | Found an ancient bone altar of Kikubaaqudgha.
  1948 | D:2      | Reached skill level 1 in Dodging
  2765 | D:3      | Noticed Terence
  2780 | D:4      | Killed from afar by an orc priest
